| TOP OF THE 1ST |
|
Walla Walla Walleyes batting - Pitching for Lewiston Broncs : LHP Omar Perez
|
|
Pitching: LHP Omar Perez
|
|
|
Batting: SHB Damon Farmar
|
0-0: Bunt missed! 0-1: Ball 1-1: SINGLE (Flyball, 78S, EV 90.6 MPH)
|
|
Batting: RHB John Cortez
|
0-0: Ball 1-0: Called Strike 1-1: SINGLE (Popup, 34D, EV 52.5 MPH) Damon Farmar to second
|
|
Batting: RHB Curtis Burke
|
0-0: Ball 1-0: Ball 2-0: Ball 3-0: Base on Balls Damon Farmar to third John Cortez to second
|
|
Batting: SHB Mike A Brumley
|
0-0: Foul Ball, location: 2F 0-1: Foul Ball, location: 2F 0-2: Strikes out swinging
|
|
Batting: LHB Thomas Gertz
|
0-0: Ball 1-0: Called Strike 1-1: Ball 2-1: Called Strike 2-2: DOUBLE (Flyball, 89D, EV 102.5 MPH) Damon Farmar scores John Cortez scores Curtis Burke to third Runner from 3rd tries for Home, SAFE, throw by RF to trailing runner, SAFE at third!
|
|
Batting: SHB Jeff McKnight
|
0-0: Swinging Strike 0-1: Ball 1-1: Swinging Strike 1-2: Reached on error, E6 (Groundball, 6, EV 101.9 MPH) Thomas Gertz scores
|
|
Batting: LHB Brian Hartsock
|
0-0: Ball 1-0: Ball 2-0: Ball 3-0: Base on Balls Jeff McKnight to second
|
|
Batting: RHB Wes Kent
|
0-0: Called Strike 0-1: Ball 1-1: SINGLE (Groundball, 6M, EV 98.1 MPH) Jeff McKnight to third Brian Hartsock to second Runner from 3rd tries for Home, SAFE, throw by CF to home
|
|
Batting: RHB Mitch Lyden
|
0-0: Ball 1-0: Called Strike 1-1: Foul Ball, location: 2F 1-2: Ground out 6-3 (Groundball, 6MS, EV 81.9 MPH) Brian Hartsock to third Wes Kent to second
|
|
Batting: SHB Damon Farmar
|
0-0: Ball 1-0: Ball 2-0: Fly out, F6 (Line Drive, 6, EV 69.4 MPH)
|
| Top of the 1st over - 5 runs, 4 hits, 1 error, 2 left on base; Walla Walla 5 - Lewiston 0 |
| BOTTOM OF THE 1ST |
|
Lewiston Broncs batting - Pitching for Walla Walla Walleyes : RHP Tom Edens
|
|
Pitching: RHP Tom Edens
|
|
|
Batting: LHB Wayne Kirby
|
0-0: Ball 1-0: Ball 2-0: Foul Ball, location: 2F 2-1: Ground out 6-3 (Groundball, 6, EV 82.5 MPH)
|
|
Batting: LHB Alex Hernandez
|
0-0: Ball 1-0: Ball 2-0: Ball 3-0: Base on Balls
|
|
Batting: RHB Jeff Kunkel
|
0-0: Ball 1-0: Called Strike 1-1: Ball 2-1: Fly out, F9 (Flyball, 89M, EV 91.3 MPH)
|
|
Batting: RHB Bruce Castoria
|
0-0: Swinging Strike 0-1: Foul Ball, location: 2F 0-2: Ball 1-2: Strikes out swinging
|
| Bottom of the 1st over - 0 runs, 0 hits, 0 errors, 1 left on base; Walla Walla 5 - Lewiston 0 |
| TOP OF THE 2ND |
|
Walla Walla Walleyes batting - Pitching for Lewiston Broncs : LHP Omar Perez
|
|
Batting: RHB John Cortez
|
0-0: Foul Ball, location: 2F 0-1: Ball 1-1: Ball 2-1: Foul Ball, location: 2F 2-2: Ball 3-2: Base on Balls
|
|
Batting: RHB Curtis Burke
|
0-0: Called Strike 0-1: Fly out, F8 (Line Drive, 8RD, EV 100.0 MPH)
|
|
Batting: SHB Mike A Brumley
|
0-0: Called Strike 0-1: Ball 1-1: Fly out, F8 (Flyball, 8RS, EV 90.0 MPH)
|
|
Batting: LHB Thomas Gertz
|
0-0: Fly out, F8 (Flyball, 8LXD, EV 95.0 MPH)
|
| Top of the 2nd over - 0 runs, 0 hits, 0 errors, 1 left on base; Walla Walla 5 - Lewiston 0 |
| BOTTOM OF THE 2ND |
|
Lewiston Broncs batting - Pitching for Walla Walla Walleyes : RHP Tom Edens
|
|
Batting: LHB Nestor Moreno
|
0-0: Fly out, F9 (Line Drive, 9, EV 93.8 MPH)
|
|
Batting: RHB Sal D'Alessandro
|
0-0: Called Strike 0-1: Ball 1-1: Ball 2-1: SINGLE (Line Drive, 89M, EV 86.3 MPH)
|
|
Batting: RHB Steven Spalt
|
0-0: Ball 1-0: Foul Ball, location: 2F 1-1: Foul Ball, location: 2F 1-2: Fly out, F7 (Flyball, 7LS, EV 91.9 MPH)
|
|
Batting: SHB Stephen Kowalski
|
0-0: Ball 1-0: Called Strike 1-1: Ball 2-1: Called Strike 2-2: Strikes out swinging
|
| Bottom of the 2nd over - 0 runs, 1 hit, 0 errors, 1 left on base; Walla Walla 5 - Lewiston 0 |
| TOP OF THE 3RD |
|
Walla Walla Walleyes batting - Pitching for Lewiston Broncs : LHP Omar Perez
|
|
Batting: SHB Jeff McKnight
|
0-0: Ball 1-0: DOUBLE (Line Drive, 7LS, EV 101.3 MPH)
|
|
Batting: LHB Brian Hartsock
|
0-0: Ball Wild Pitch! Jeff McKnight to third 1-0: Ball 2-0: Called Strike 2-1: Foul Ball, location: 2F 2-2: Ground out 4-3 (Groundball, 4S, EV 65.0 MPH) Jeff McKnight scores
|
|
Batting: RHB Wes Kent
|
0-0: Called Strike 0-1: Fly out, F7 (Flyball, 7S, EV 81.9 MPH)
|
|
Batting: RHB Mitch Lyden
|
0-0: Foul Ball, location: 2F 0-1: Swinging Strike 0-2: Strikes out swinging
|
| Top of the 3rd over - 1 run, 1 hit, 0 errors, 0 left on base; Walla Walla 6 - Lewiston 0 |
| BOTTOM OF THE 3RD |
|
Lewiston Broncs batting - Pitching for Walla Walla Walleyes : RHP Tom Edens
|
|
Batting: RHB Jay Roberts
|
0-0: Ball 1-0: Ball 2-0: Ground out 5-3 (Groundball, 5, EV 103.8 MPH)
|
|
Batting: LHB Wayne Kirby
|
0-0: Ball 1-0: Foul Ball, location: 2F 1-1: Fly out, F7 (Flyball, 7LS, EV 87.5 MPH)
|
|
Batting: LHB Alex Hernandez
|
0-0: Called Strike 0-1: Ball 1-1: Ground out 1-5-3 (Groundball, 15S, EV 109.4 MPH)
|
| Bottom of the 3rd over - 0 runs, 0 hits, 0 errors, 0 left on base; Walla Walla 6 - Lewiston 0 |
| TOP OF THE 4TH |
|
Walla Walla Walleyes batting - Pitching for Lewiston Broncs : LHP Omar Perez
|
|
Batting: SHB Damon Farmar
|
0-0: Foul Ball, location: 2F 0-1: Called Strike 0-2: Foul Ball, location: 2F 0-2: Ball 1-2: Ball 2-2: Ball 3-2: Strikes out swinging
|
|
Batting: RHB John Cortez
|
0-0: Ball 1-0: Ball 2-0: Fly out, F8 (Flyball, 8LD, EV 100.6 MPH)
|
|
Batting: RHB Curtis Burke
|
0-0: Ground out 5-3 (Groundball, 56S, EV 76.9 MPH)
|
| Top of the 4th over - 0 runs, 0 hits, 0 errors, 0 left on base; Walla Walla 6 - Lewiston 0 |
| BOTTOM OF THE 4TH |
|
Lewiston Broncs batting - Pitching for Walla Walla Walleyes : RHP Tom Edens
|
|
Batting: RHB Jeff Kunkel
|
0-0: Ball 1-0: SINGLE (Groundball, 56D, EV 103.1 MPH) (infield hit)
|
|
Batting: RHB Bruce Castoria
|
0-0: Ball 1-0: Ball 2-0: Ball 3-0: Base on Balls Jeff Kunkel to second
|
|
Batting: LHB Nestor Moreno
|
0-0: Swinging Strike 0-1: Ball 1-1: Called Strike 1-2: Ball 2-2: Ball 3-2: Foul Ball, location: 2F 3-2: Fly out, F9 (Flyball, 9LS, EV 89.4 MPH)
|
|
Batting: RHB Sal D'Alessandro
|
0-0: Called Strike Jeff Kunkel steals 3rd base 0-1: Ball 1-1: Foul Ball, location: 2F 1-2: Ball 2-2: Ball 3-2: Foul Ball, location: 2F 3-2: Base on Balls Bruce Castoria to second
|
|
Batting: RHB Steven Spalt
|
0-0: Called Strike 0-1: Ball 1-1: Ball 2-1: Fielders Choice at 2nd, 4-6 (Groundball, 4M, EV 103.8 MPH) Jeff Kunkel scores Bruce Castoria to third
|
|
Batting: SHB Stephen Kowalski
|
0-0: Called Strike 0-1: Called Strike 0-2: Ball 1-2: Ball 2-2: Strikes out swinging
|
| Bottom of the 4th over - 1 run, 1 hit, 0 errors, 2 left on base; Walla Walla 6 - Lewiston 1 |
| TOP OF THE 5TH |
|
Walla Walla Walleyes batting - Pitching for Lewiston Broncs : LHP Omar Perez
|
|
Batting: SHB Mike A Brumley
|
0-0: Ball 1-0: Called Strike 1-1: Ball 2-1: Ball 3-1: Called Strike 3-2: SINGLE (Groundball, 56D, EV 101.3 MPH)
|
|
Pitching: RHP Scott Barnhouse
|
|
|
Batting: LHB Thomas Gertz
|
0-0: Foul Ball, location: 2F 0-1: Ball 1-1: Ball 2-1: Foul Ball, location: 2F 2-2: Grounds into double play, 5-4-3 (Groundball, 56S, EV 83.1 MPH)
|
|
Batting: SHB Jeff McKnight
|
0-0: Fly out, F8 (Flyball, 89S, EV 77.5 MPH)
|
| Top of the 5th over - 0 runs, 1 hit, 0 errors, 0 left on base; Walla Walla 6 - Lewiston 1 |
| BOTTOM OF THE 5TH |
|
Lewiston Broncs batting - Pitching for Walla Walla Walleyes : RHP Tom Edens
|
|
Batting: RHB Jay Roberts
|
0-0: Ball 1-0: Swinging Strike 1-1: Foul Ball, location: 2F 1-2: Ball 2-2: Foul Ball, location: 2F 2-2: Ground out 5-3 (Groundball, 56S, EV 80.6 MPH)
|
|
Batting: LHB Wayne Kirby
|
0-0: Foul Ball, location: 2F 0-1: Foul Ball, location: 2F 0-2: Strikes out looking
|
|
Batting: LHB Alex Hernandez
|
0-0: Ball 1-0: Called Strike 1-1: Fly out, F7 (Flyball, 78S, EV 86.9 MPH)
|
| Bottom of the 5th over - 0 runs, 0 hits, 0 errors, 0 left on base; Walla Walla 6 - Lewiston 1 |
| TOP OF THE 6TH |
|
Walla Walla Walleyes batting - Pitching for Lewiston Broncs : RHP Scott Barnhouse
|
|
Batting: LHB Brian Hartsock
|
0-0: DOUBLE (Flyball, 89D, EV 100.6 MPH)
|
|
Batting: RHB Wes Kent
|
0-0: Ball 1-0: Called Strike 1-1: Foul Ball, location: 2F 1-2: Ground out 4-3 (Groundball, 4, EV 82.5 MPH) Brian Hartsock to third
|
|
Batting: RHB Mitch Lyden
|
0-0: Ball 1-0: Ball 2-0: Foul Ball, location: 2F 2-1: Foul Ball, location: 2F 2-2: Foul Ball, location: 2F 2-2: Strikes out looking
|
|
Batting: SHB Damon Farmar
|
0-0: Swinging Strike 0-1: Called Strike 0-2: Strikes out swinging
|
| Top of the 6th over - 0 runs, 1 hit, 0 errors, 1 left on base; Walla Walla 6 - Lewiston 1 |
| BOTTOM OF THE 6TH |
|
Lewiston Broncs batting - Pitching for Walla Walla Walleyes : RHP Tom Edens
|
|
Batting: RHB Jeff Kunkel
|
0-0: Called Strike 0-1: Ground out 4-3 (Groundball, 4M, EV 80.0 MPH)
|
|
Batting: RHB Bruce Castoria
|
0-0: Called Strike 0-1: Ball 1-1: DOUBLE (Flyball, 89D, EV 95.6 MPH)
|
|
Batting: LHB Nestor Moreno
|
0-0: Hit by Pitch
|
|
Batting: RHB Sal D'Alessandro
|
0-0: Called Strike 0-1: Foul Ball, location: 2F 0-2: Ball 1-2: Ball 2-2: Ball 3-2: Fly out, F8 (Flyball, 8LM, EV 91.3 MPH)
|
|
Batting: RHB Steven Spalt
|
0-0: Ball 1-0: SINGLE (Groundball, 6M, EV 102.5 MPH) (infield hit) Bruce Castoria to third Nestor Moreno to second
|
|
Batting: SHB Stephen Kowalski
|
0-0: Ball 1-0: Called Strike 1-1: Fly out, F7 (Flyball, 7, EV 93.1 MPH)
|
| Bottom of the 6th over - 0 runs, 2 hits, 0 errors, 3 left on base; Walla Walla 6 - Lewiston 1 |
| TOP OF THE 7TH |
|
Walla Walla Walleyes batting - Pitching for Lewiston Broncs : RHP Scott Barnhouse
|
|
Batting: RHB John Cortez
|
0-0: Called Strike 0-1: Ball 1-1: Ball 2-1: Ground out 5-3 (Groundball, 5, EV 84.4 MPH)
|
|
Batting: RHB Curtis Burke
|
0-0: Ball 1-0: Called Strike 1-1: Ground out 5-3 (Groundball, 56, EV 88.8 MPH)
|
|
Batting: SHB Mike A Brumley
|
0-0: Ball 1-0: Ball 2-0: Called Strike 2-1: Called Strike 2-2: Strikes out swinging
|
| Top of the 7th over - 0 runs, 0 hits, 0 errors, 0 left on base; Walla Walla 6 - Lewiston 1 |
| BOTTOM OF THE 7TH |
|
Lewiston Broncs batting - Pitching for Walla Walla Walleyes : RHP Tom Edens
|
|
Batting: RHB Jay Roberts
|
0-0: Reached on error, E6 (Groundball, 6, EV 85.6 MPH)
|
|
Batting: LHB Wayne Kirby
|
0-0: Swinging Strike 0-1: Ball 1-1: Ball 2-1: Fielders Choice at 2nd, 4-6 (Groundball, 4, EV 83.8 MPH)
|
|
Batting: LHB Alex Hernandez
|
0-0: Ball 1-0: Ball Wayne Kirby steals 2nd base 2-0: Called Strike 2-1: Fly out, F8 (Flyball, 8LD, EV 100.0 MPH)
|
|
Batting: RHB Jeff Kunkel
|
0-0: DOUBLE (Flyball, 8LXD, EV 90.0 MPH) Wayne Kirby scores
|
|
Batting: RHB Bruce Castoria
|
0-0: Called Strike 0-1: Ground out 6-3 (Groundball, 6MS, EV 70.6 MPH)
|
| Bottom of the 7th over - 1 run, 1 hit, 1 error, 1 left on base; Walla Walla 6 - Lewiston 2 |
| TOP OF THE 8TH |
|
Walla Walla Walleyes batting - Pitching for Lewiston Broncs : RHP Scott Barnhouse
|
|
Batting: LHB Thomas Gertz
|
0-0: Called Strike 0-1: Ball 1-1: Ball 2-1: Ball 3-1: Called Strike 3-2: Foul Ball, location: 2F 3-2: DOUBLE (Line Drive, 9LS, EV 96.9 MPH)
|
|
Pitching: RHP Philip Pulido
|
|
|
Batting: SHB Jeff McKnight
|
0-0: Ball 1-0: Ball 2-0: Ball 3-0: Base on Balls
|
|
Batting: LHB Brian Hartsock
|
0-0: Foul Ball, location: 2F 0-1: Foul Ball, location: 2F 0-2: Strikes out swinging
|
|
Batting: RHB Wes Kent
|
0-0: Ball 1-0: Called Strike Thomas Gertz steals 3rd base 1-1: Foul Ball, location: 2F 1-2: Fly out, F8 (Flyball, 8RD, EV 82.5 MPH) Runner from 3rd tags up, SCORES, no throw by CF
|
|
Batting: RHB Mitch Lyden
|
0-0: Ball 1-0: Ball 2-0: 2-RUN HOME RUN (Flyball, 7D, EV 102.5 MPH), Distance : 354 ft
|
|
Pinch Hitting: RHB David Simonetti
|
0-0: Ball 1-0: Called Strike 1-1: Ball 2-1: Foul Ball, location: 2F 2-2: Ball 3-2: Foul Ball, location: 2F 3-2: Base on Balls
|
|
Batting: RHB John Cortez
|
0-0: Called Strike 0-1: Ball 1-1: Ball 2-1: Swinging Strike 2-2: SINGLE (Groundball, 56D, EV 96.9 MPH) David Simonetti to second
|
|
Pinch Hitting: LHB John Devich
|
0-0: Fielders Choice at 2nd, 5-4 (Groundball, 56, EV 81.3 MPH)
|
| Top of the 8th over - 3 runs, 3 hits, 0 errors, 2 left on base; Walla Walla 9 - Lewiston 2 |
| BOTTOM OF THE 8TH |
|
Lewiston Broncs batting - Pitching for Walla Walla Walleyes : RHP Tom Edens
|
|
Now in LF: John Devich
|
|
|
Now in RF: David Simonetti
|
|
|
Batting: LHB Nestor Moreno
|
0-0: Called Strike 0-1: Ball 1-1: SINGLE (Groundball, 6D, EV 93.8 MPH)
|
|
Batting: RHB Sal D'Alessandro
|
0-0: Foul Ball, location: 2F 0-1: Called Strike 0-2: Foul Ball, location: 2F 0-2: Strikes out swinging
|
|
Pinch Hitting: RHB James Sanfilippo
|
0-0: Foul Ball, location: 2F 0-1: DOUBLE (Line Drive, 7LM, EV 108.1 MPH) Nestor Moreno to third
|
|
Batting: SHB Stephen Kowalski
|
0-0: Ball 1-0: Fly out, F8 (Flyball, 89D, EV 72.5 MPH) Runner from 3rd tags up, SCORES, throw by CF James Sanfilippo to third
|
|
Batting: RHB Jay Roberts
|
0-0: Ball 1-0: Called Strike 1-1: Called Strike 1-2: Strikes out looking
|
| Bottom of the 8th over - 1 run, 2 hits, 0 errors, 1 left on base; Walla Walla 9 - Lewiston 3 |
| TOP OF THE 9TH |
|
Walla Walla Walleyes batting - Pitching for Lewiston Broncs : RHP Philip Pulido
|
|
Now at 3B: James Sanfilippo
|
|
|
Batting: SHB Mike A Brumley
|
0-0: Ball 1-0: Ball 2-0: Ball 3-0: Called Strike 3-1: DOUBLE (Line Drive, 7LD, EV 110.0 MPH)
|
|
Batting: LHB Thomas Gertz
|
0-0: Ball 1-0: Ground out U3 (Groundball, 3, EV 103.8 MPH) Mike A Brumley to third
|
|
Batting: SHB Jeff McKnight
|
0-0: Ground out 4-3 (Groundball, 4, EV 100.6 MPH) Mike A Brumley scores
|
|
Pinch Hitting: LHB Pablo Moncerratt
|
0-0: Called Strike 0-1: Swinging Strike 0-2: Strikes out swinging
|
| Top of the 9th over - 1 run, 1 hit, 0 errors, 0 left on base; Walla Walla 10 - Lewiston 3 |
| BOTTOM OF THE 9TH |
|
Lewiston Broncs batting - Pitching for Walla Walla Walleyes : RHP Tom Edens
|
|
Now in CF: Osbe Hoskins
|
|
|
Pinch Hitting: LHB Keith Showell
|
0-0: Foul Ball, location: 2F 0-1: Ball 1-1: Foul Ball, location: 2F 1-2: Ground out U3 (Groundball, 3, EV 91.9 MPH)
|
|
Batting: LHB Alex Hernandez
|
0-0: Called Strike 0-1: Foul Ball, location: 2F 0-2: Fly out, F7 (Flyball, 7LD, EV 103.8 MPH)
|
|
Batting: RHB Jeff Kunkel
|
0-0: Called Strike 0-1: DOUBLE (Flyball, 8RXD, EV 107.5 MPH)
|
|
Batting: RHB Bruce Castoria
|
0-0: Called Strike 0-1: Ball 1-1: Called Strike 1-2: Foul Ball, location: 2F 1-2: Foul Ball, location: 2F 1-2: Foul Ball, location: 2F 1-2: Foul Ball, location: 2F 1-2: Fly out, F7 (Line Drive, 7D, EV 101.9 MPH)
|
| Bottom of the 9th over - 0 runs, 1 hit, 0 errors, 1 left on base; Walla Walla 10 - Lewiston 3 |
|